 Dungeon Crawl Stone Soup version 0.26.0-10-g1f06aea511 (webtiles) character file.

Game seed: 12536128049224609147

4162 ythm the Cleaver (level 10, -1/76 HPs)
             Began as a Vine Stalker Berserker on Jan 13, 2021.
             Was an Elder of Trog.
             Slain by a gnoll sergeant
             ... wielding a +6 spear of freezing
              (5 damage)
             ... on level 7 of the Dungeon.
             The game lasted 00:17:10 (3047 turns).

ythm the Cleaver (Vine Stalker Berserker)           Turns: 3047, Time: 00:17:10

Health: -1/76      AC: 14    Str: 23    XL:     10   Next: 28%
Magic:  0/11       EV:  9    Int:  7    God:    Trog [****..]
Gold:   361        SH:  0    Dex: 14    Spells: 9/9 levels left

rFire    . . .     SeeInvis .   C - +3 hand axe
rCold    . . .     Faith    .   (no shield)
rNeg     . . .     Spirit   +   y - +0 chain mail
rPois    .         Reflect  .   o - +1 helmet
rElec    .         Harm     .   (no cloak)
rCorr    .         Rampage  .   (no gloves)
Will     +....                  u - +2 pair of boots
Stlth    ..........             h - amulet of the acrobat
HPRegen  0.62/turn              l - ring of stealth
MPRegen  0.12/turn              (no ring)

@: berserking, very quick
A: fangs 3, regeneration 1, magic shield, antimagic bite, no potion heal 3
a: Renounce Religion, Berserk, Trog's Hand, Brothers in Arms


You were on level 7 of the Dungeon.
You worshipped Trog.
Trog was greatly pleased with you.
You visited 2 branches of the dungeon, and saw 10 of its levels.

You collected 361 gold pieces.

Inventory:

Hand Weapons
 a - a +0 hand axe
 m - a +1 flail of protection
 C - a +3 hand axe (weapon)
Armour
 d - a +0 buckler
 n - a +0 ring mail of cold resistance
 o - a +1 helmet (worn)
 u - a +2 pair of boots (worn)
 y - a +0 chain mail (worn)
Jewellery
 h - an amulet of the acrobat (around neck)
 l - a ring of stealth (left hand)
Wands
 g - a wand of digging (5)
 B - a wand of iceblast (7)
Scrolls
 i - a scroll of identify
 j - 2 scrolls of immolation {unknown}
 k - 4 scrolls of fog
 p - a scroll of teleportation {unknown}
 v - 3 scrolls of enchant weapon {unknown}
 A - 2 scrolls of amnesia {unknown}
 F - a scroll of vulnerability {unknown}
 G - a scroll of magic mapping {unknown}
Potions
 c - 4 potions of curing
 f - a potion of flight {unknown}
 q - a potion of heal wounds
 r - 2 potions of berserk rage {unknown}
 s - a potion of magic {unknown}
 t - 2 potions of mutation {unknown}
 w - a potion of brilliance {unknown}
 x - 2 potions of haste {unknown}
 z - a potion of degeneration {unknown}
 E - a potion of ambrosia


   Skills:
 - Level 5.0 Fighting
 * Level 12.1 Axes
 - Level 3.0 Armour
 - Level 2.0 Dodging
 - Level 3.0 Stealth


You had 9 spell levels left.
You didn't know any spells.
Your spell library was empty.

Dungeon Overview and Level Annotations

Branches:
Dungeon (9/15)             Temple (1/1) D:5
   Lair: D:8-11         Orc: D:9-12

Altars:
Ashenzari
Cheibriados
Dithmenos
Elyvilon
Fedhas
Gozag
Hepliaklqana
Kikubaaqudgha
Makhleb
Nemelex Xobeh
Qazlal
Sif Muna
Trog
Uskayaw
Vehumet
Wu Jian
Yredelemnul
Zin
The Shining One


Innate Abilities, Weirdness & Mutations

You have razor-sharp teeth.
Your natural rate of healing is unusually fast.
When hurt, damage is shared between your health and your magic reserves.
Your bite disrupts and absorbs the magic of your enemies.
Potions cannot restore your health.


Message History

You kill the orc warrior!
Trog accepts your kill.
Unknown command.
You hit the gnoll sergeant but do no damage.
You bite the gnoll sergeant. You drain its power.
You feel invigorated.
The gnoll sergeant is lightly wounded.
Unknown command.
You hit the gnoll sergeant but do no damage.
You bite the gnoll sergeant, but do no damage.
The gnoll sergeant is lightly wounded.
The gnoll sergeant hits you with a +6 spear of freezing!
* * * LOW HITPOINT WARNING * * *
The gnoll sergeant freezes you.
Unknown command.
You slash the gnoll sergeant!
The gnoll sergeant is moderately wounded.
The gnoll sergeant hits you with a +6 spear of freezing!
* * * LOW HITPOINT WARNING * * *
The gnoll sergeant freezes you.
You die...

##<##.##.##.....# ##.## #.#
...[.....##....#####..# #<#
.####.#.######.#§#.##.# #.....#
....#.#.#)##≈(?$###.#.# #####.#
###.#.#.#..##._.y..©#.# #.#
.##.#.#.#.......##..#.# #.#
#.#...#.##....#§#y.##.# #.#
.##.#....#.....##g.#..# #.#
###.#.#..##.....@###(#########.##
....#.#...###.©.###..#..........#
....).......#####....#.#######..#
#####.#.......©...##.#.# #..#
#.####.##...###....# #..# #.#
#.###.##......# #... #.#
#........#...## ##.# #.#
########.##.## ##.# #.# #.##.#
#...


You could see a moth of wrath and a gnoll sergeant (berserk).

Vanquished Creatures
  Harold (D:7)
  The ghost of Hildebrand the Cleaver, a novice MiBe of Trog (D:7)
  A troll (D:7)
  Sigmund (D:3)
  Eustachio (D:6)
  A water moccasin (D:7)
  3 orc warriors
  A hornet zombie (D:7)
  4 ogres
  A centaur (D:5)
  4 bullfrogs
  A scorpion (D:5)
  6 killer bees (D:7)
  4 wights (D:8)
  A howler monkey (D:6)
  A bullfrog zombie (D:5)
  3 hounds
  3 jellies
  2 orc priests (D:9)
  A centaur skeleton (D:6)
  Terence (D:3)
  Natasha (twice) (D:2)
  An iguana (D:5)
  4 orc wizards (D:7)
  5 worker ants
  2 hound skeletons
  Robin (D:3)
  A howler monkey skeleton (D:5)
  4 adders
  2 white imps
  An ufetubus (D:5)
  2 adder skeletons
  A dart slug (D:2)
  A leopard gecko (D:2)
  9 orcs
  4 giant cockroaches
  13 goblins
  7 hobgoblins
  4 jackals
  2 quokkas
  5 bats
  3 frilled lizards
  5 kobolds
  7 rats
128 creatures vanquished.

Vanquished Creatures (others)
  An orc wizard (D:7)
1 creature vanquished.

Grand Total: 129 creatures vanquished

Notes
Turn   | Place    | Note
-------+----------+-------------------------------------------
     0 | D:1      | ythm the Vine Stalker Berserker began the quest for the
                  | Orb.
     0 | D:1      | Reached XP level 1. HP: 11/11 MP: 2/2
   102 | D:1      | Reached skill level 3 in Axes
   121 | D:1      | Reached XP level 2. HP: 14/16 MP: 3/3
   451 | D:3      | Reached XP level 3. HP: 19/19 MP: 4/4
   455 | D:3      | Noticed Terence
   463 | D:3      | Killed Terence
   464 | D:3      | Reached skill level 4 in Axes
   464 | D:3      | Gained mutation: Your natural rate of healing is unusually
                  | fast. [Vine Stalker growth]
   464 | D:3      | Reached XP level 4. HP: 21/23 MP: 3/5
   507 | D:3      | Noticed Robin
   518 | D:3      | Reached ** piety under Trog
   533 | D:3      | Killed Robin
   763 | D:2      | Noticed Natasha
   776 | D:2      | Killed Natasha
   777 | D:2      | Reached skill level 5 in Axes
   777 | D:2      | Reached XP level 5. HP: 18/27 MP: 2/6
   811 | D:2      | Noticed Natasha
   824 | D:2      | Killed Natasha
   842 | D:3      | Noticed Sigmund
   855 | D:3      | Killed Sigmund
   856 | D:3      | Reached skill level 6 in Axes
   856 | D:3      | Reached XP level 6. HP: 32/32 MP: 5/7
  1055 | D:5      | Entered Level 5 of the Dungeon
  1069 | D:5      | Found a staircase to the Ecumenical Temple.
  1080 | Temple   | Entered the Ecumenical Temple
  1357 | D:5      | Reached skill level 7 in Axes
  1357 | D:5      | Reached XP level 7. HP: 35/35 MP: 8/8
  1384 | D:4      | Found a broken altar of Ashenzari.
  1508 | D:4      | Reached *** piety under Trog
  1532 | D:3      | Found a basalt altar of Yredelemnul.
  1761 | D:7      | Noticed Harold
  1779 | D:7      | Reached skill level 1 in Stealth
  1785 | D:7      | Killed Harold
  1786 | D:7      | Reached skill level 8 in Axes
  1786 | D:7      | Gained mutation: You have razor-sharp teeth. [Vine Stalker
                  | growth]
  1786 | D:7      | Reached XP level 8. HP: 42/42 MP: 9/9
  1890 | D:7      | Found a bloodstained altar of Trog.
  1890 | D:7      | Noticed Hildebrand's ghost (novice MiBe)
  1891 | D:7      | Found a transporter.
  1891 | D:7      | Noticed a troll
  1910 | D:7      | Found a transporter.
  1915 | D:7      | Noticed a moth of wrath
  2048 | D:8      | Reached skill level 9 in Axes
  2075 | D:8      | Reached XP level 9. HP: 45/46 MP: 10/10
  2272 | D:7      | Reached skill level 5 in Fighting
  2293 | D:7      | Reached skill level 10 in Axes
  2355 | D:7      | Found a sand-covered staircase.
  2423 | D:6      | Noticed Eustachio
  2430 | D:6      | Killed Eustachio
  2485 | D:5      | Found a glowing golden altar of the Shining One.
  2648 | D:7      | Reached skill level 11 in Axes
  2651 | D:7      | Reached **** piety under Trog
  2856 | D:9      | Reached XP level 10. HP: 50/51 MP: 11/11
  2988 | D:7      | Killed Hildebrand's ghost
  3039 | D:7      | Reached skill level 12 in Axes
  3047 | D:7      | Slain by a gnoll sergeant

Illustrated notes

Levels and vault maps discovered:
D:1:      psy_arrival_terrarium, layout_basic, st_stairs_2, minmay_ruptured
D:2:      layout_basic, minmay_misc_feat_encased, kennysheep_generic_room_7,
          uniq_natasha, uniq_jessica
D:3:      layout_basic, nicolae_overflow_hidden_temple, serial_glass,
          glass_columns_a, glass_columns_a, uniq_terence, uniq_robin,
          uniq_sigmund
D:4:      layout_basic, lemuel_doored_altar, evilmike_ruin_ashenzari,
          serial_co_window_serial, co_window_paths_a, co_window_corner_a,
          co_window_paths_a, co_window_of_opportunity_a,
          co_window_of_opportunity_a, co_window_corner_a, co_window_corner_a,
          co_window_corner_a, co_window_cross_1, co_window_2corner,
          co_window_2corner, co_window_paths_d, uniq_crazy_yiuf_cottage,
          uniq_menkaure, uniq_edmund
D:5:      layout_gridville, okawaru_gym_becter, minmay_temple_entry_junction_2,
          st_stairs_6, tso_metal_star
D:6:      layout_basic, uniq_eustachio
D:7:      layout_loops_ring, gammafunk_ghost_wrathful_warriors,
          nicolae_ossuary_entry_ruins, minmay_a_box_with_orc_wizards_in_it,
          uniq_harold
D:8:      old_forge, layout_loops_corners, uniq_maurice
D:9:      layout_long_grid, lemuel_crystal_altar, david_orc_4,
          hangedman_decor_lopped, hangedman_abyss_or_decor_stagger
Temple:   minmay_crystal_spiral_temple

Skill      XL: |  1  2  3  4  5  6  7  8  9 10 |
---------------+-------------------------------+-----
Axes           | 3 4 5 6 7 8 9 11 12 | 12.1
Stealth        | 3 |  3.0
Fighting       | 4 5 |  5.0
Armour         | 3 |  3.0
Dodging        | 2 |  2.0

Action                   |  1- 3 |  4- 6 |  7- 9 | 10-12 || total
-------------------------+-------+-------+-------+-------++-------
Melee: Hand axe          |    45 |   107 |   237 |    23 ||   412
       Bite              |    16 |    23 |    79 |     9 ||   127
Invok: Berserk           |     1 |     2 |     5 |     2 ||    10
       Trog's Hand       |       |     1 |     5 |     1 ||     7
  Use: Scroll            |       |     5 |     1 |     1 ||     7
       Potion            |       |       |     1 |       ||     1
 Stab: Sleeping          |       |     1 |     2 |       ||     3
Armor: Scale mail        |    14 |       |       |       ||    14
       Ring mail         |       |    41 |     5 |       ||    46
       Chain mail        |       |       |    90 |     8 ||    98
Dodge: Dodged            |    19 |    85 |   117 |     2 ||   223
